 Dungeon Crawl Stone Soup version 0.30.1-11-g7821555f0a (webtiles) character file.

Game seed: 10740186681613324797

2628 KittyFluff the Covered (level 9, -1/85 HPs)
             Began as a Gargoyle Berserker on Nov 1, 2023.
             Was an Elder of Trog.
             Slain by a gnoll
             ... wielding a +0 whip
             ... led by a gnoll sergeant
              (4 damage)
             ... on level 8 of the Dungeon.
             The game lasted 00:25:34 (6549 turns).

KittyFluff the Covered (Gargoyle Berserker)         Turns: 6549, Time: 00:25:35

Health: -1/85      AC: 12    Str: 33    XL:     9   Next: 61%
Magic:  9/9        EV: 13    Int: 12    God:    Trog [****..]
Gold:   326        SH:  0    Dex:  9    Spells: 8/8 levels left

rFire   . . .        a - +0 mace
rCold   . . .        (no shield)
rNeg    + . .        A - +1 robe of Makhleb's Castigation {rElec rCorr Str+2 Int+4}
rPois   ∞            c - +0 helmet
rElec   +            q - +0 cloak
rCorr   +            (no gloves)
SInv    .            (no boots)
Will    +....        w - amulet of the acrobat Stlth
                     r - ring of willpower
HPRegen 0.34/turn    J - +6 ring of strength
MPRegen 0.11/turn

%: acrobat
@: berserking (expiring), very quick
A: sickness immunity, AC +6, negative energy resistance 1, electricity
resistance, torment resistance 1, petrification resistance
a: Renounce Religion, Berserk, Trog's Hand, Brothers in Arms


You were on level 8 of the Dungeon.
You worshipped Trog.
Trog was greatly pleased with you.
You visited 1 branch of the dungeon, and saw 8 of its levels.

You collected 326 gold pieces.

Inventory:

Hand Weapons
 a - a +0 mace (weapon)
 o - a +0 sling
 p - a +3 quarterstaff of chaos
 E - a +1 heavy flail
Missiles
 d - 12 boomerangs (quivered)
 v - 2 boomerangs of dispersal
 G - 11 poisoned darts
 L - 2 throwing nets
 M - 5 atropa-tipped darts
Armour
 c - a +0 helmet (worn)
 h - a +0 leather armour
 q - a +0 cloak (worn)
 A - the +1 robe of Makhleb's Castigation (worn) {rElec rCorr Str+2 Int+4}
   (You took it off a hobgoblin on level 4 of the Dungeon)

   Str:       It affects your strength (+2).
   Int:       It affects your intelligence (+4).
   rElec:     It insulates you from electricity.
   rCorr:     It protects you from acid and corrosion.
Jewellery
 r - a ring of willpower (left hand)
 w - an amulet of the acrobat (around neck)
 I - a ring of ice
 J - a +6 ring of strength (right hand)
Wands
 m - a wand of roots (4)
 y - a wand of digging (3)
 B - a wand of charming (3)
Scrolls
 b - a scroll of silence {unknown}
 f - 3 scrolls of amnesia {unknown}
 i - a scroll of fear {unknown}
 j - 3 scrolls of blinking {unknown}
 l - a scroll of vulnerability {unknown}
 s - 3 scrolls of identify {unknown}
 t - a scroll of immolation {unknown}
 x - a scroll of brand weapon {unknown}
 C - a scroll of fog {unknown}
 H - a scroll of magic mapping {unknown}
 K - 2 scrolls of teleportation {unknown}
 N - a scroll of noise {unknown}
Potions
 e - a potion of degeneration {unknown}
 g - 9 potions of curing {unknown}
 k - a potion of cancellation {unknown}
 n - a potion of mutation {unknown}
 u - 2 potions of berserk rage {unknown}
 z - a potion of lignification {unknown}
 D - 2 potions of attraction {unknown}
 F - a potion of flight {unknown}
 O - a potion of invisibility {unknown}


   Skills:
 + Level 7.4 Fighting
 * Level 7.3 Maces & Flails
 * Level 7.6 Armour
 + Level 5.3 Dodging


You had 8 spell levels left.
You didn't know any spells.
Your spell library was empty.

Dungeon Overview and Level Annotations

Branches:
Dungeon (8/15)             Temple (0/1) D:6
   Lair: D:8-11

Altars:
Ru
Sif Muna
Trog
Uskayaw
Zin

Shops:
D:5 *


Innate Abilities, Weirdness & Mutations

You are immune to sickness and miasma.
Your stone body is resilient. (AC +6)
You are immune to poison.
You resist negative energy. (rN+)
You are resistant to electric shocks. (rElec)
You are resistant to unholy torment.
You are immune to petrification.


Message History

The gnoll is almost dead.
The gnoll hits you but does no damage. The gnoll barely misses you.
The gnoll sergeant hits you from afar with a +0 trident.
* * * LOW HITPOINT WARNING * * *
You thump the gnoll!
You kill the gnoll!
Trog accepts your kill. The gnoll completely misses you.
Things that are here:
a +0 flail; a +0 halberd; a gnoll corpse You thump the gnoll!
The gnoll is severely wounded.
The gnoll closely misses you. The gnoll hits you with a +0 spear.
* * * LOW HITPOINT WARNING * * *
You bludgeon the gnoll!!
You kill the gnoll!
Trog accepts your kill.
You sock the gnoll sergeant!
The gnoll sergeant is moderately wounded.
The gnoll hits you with a +0 whip.
* * * LOW HITPOINT WARNING * * *
The gnoll sergeant hits you but does no damage.
You hit the gnoll sergeant.
The gnoll sergeant is moderately wounded.
The gnoll barely misses you.
The gnoll sergeant hits you with a +0 trident.
* * * LOW HITPOINT WARNING * * *
The gnoll barely misses you.
You hit the gnoll sergeant.
The gnoll sergeant is heavily wounded.
The gnoll completely misses you.
The gnoll sergeant hits you with a +0 trident!
* * * LOW HITPOINT WARNING * * *
The gnoll closely misses you.
You hit the gnoll sergeant.
The gnoll sergeant is severely wounded.
You hit the gnoll sergeant but do no damage.
The gnoll sergeant is severely wounded.
The gnoll hits you with a +0 whip.
You die...

.............. ...#
.....[............##
.............##....##
.........$.##......##
#........ ##......##
#....####........# ###
#gg..............#
....#####@g.............<.
.......#.#######..........
......$...# #..........
............# #........##
.............# ##...#####
.............# #####
...[.........# ###
..............# ###..
..............# ###....


You could see a gnoll sergeant and 2 gnolls.

Vanquished Creatures
  A steam dragon (D:7)
  3 water moccasins
  An ice beast (D:5)
  An ogre (D:7)
  A black bear (D:5)
  A phantom (D:6)
  A kobold brigand (D:7)
  5 bullfrogs
  A gnoll sergeant (D:6)
  3 scorpions
  2 howler monkeys
  3 hounds
  4 gnoll boudas
  4 jellies
  Crazy Yiuf (D:3)
  3 orc priests
  A sleepcap (D:5)
  5 iguanas
  Ijyb (D:5)
  Robin (D:3)
  29 gnolls
  8 adders
  A shadow imp (D:6)
  2 ufetubi
  3 worms
  12 orcs
  7 ball pythons
  2 bats
  6 endoplasms
  2 giant cockroaches
  20 goblins
  13 hobgoblins
  12 jackals
  5 frilled lizards
  14 kobolds
  12 rats
191 creatures vanquished.

Notes
Turn   | Place    | Note
-------+----------+-------------------------------------------
     0 | D:1      | KittyFluff the Gargoyle Berserker began the quest for the
                  | Orb.
     0 | D:1      | Reached XP level 1. HP: 14/14 MP: 1/1
   131 | D:1      | Reached XP level 2. HP: 19/19 MP: 2/2
   458 | D:1      | Reached ** piety under Trog
   459 | D:1      | Reached XP level 3. HP: 21/23 MP: 3/3
  1015 | D:3      | Reached XP level 4. HP: 21/29 MP: 4/4
  1277 | D:3      | Found a runed translucent door.
  1278 | D:3      | Noticed Crazy Yiuf
  1288 | D:3      | Killed Crazy Yiuf
  1289 | D:3      | Reached XP level 5. HP: 33/33 MP: 5/5
  1396 | D:3      | Reached *** piety under Trog
  1402 | D:3      | Noticed Robin
  1444 | D:3      | Killed Robin
  1777 | D:3      | Reached XP level 6. HP: 26/39 MP: 6/6
  2113 | D:4      | Found a hide-covered altar of Uskayaw.
  2113 | D:4      | Found a sacrificial altar of Ru.
  2185 | D:4      | Identified the +1 robe of Makhleb's Castigation {rElec
                  | rCorr Str+2 Int+4}
  2196 | D:4      | Reached skill level 5 in Fighting
  2204 | D:4      | Reached XP level 7. HP: 31/44 MP: 7/7
  2450 | D:4      | Reached **** piety under Trog
  2730 | D:5      | Entered Level 5 of the Dungeon
  2780 | D:5      | Reached skill level 5 in Maces & Flails
  2882 | D:5      | Noticed Ijyb
  2895 | D:5      | Killed Ijyb
  3004 | D:5      | Reached skill level 5 in Armour
  3187 | D:5      | Found Jianus's Overcharged Wands.
  3393 | D:5      | Reached XP level 8. HP: 34/51 MP: 8/8
  3634 | D:5      | Found a glowing silver altar of Zin.
  4106 | D:5      | Noticed a moth of wrath
  4110 | D:5      | Found a bloodstained altar of Trog.
  4771 | D:6      | Reached XP level 9. HP: 48/56 MP: 9/9
  4838 | D:6      | Reached skill level 5 in Dodging
  4996 | D:6      | Found a shimmering blue altar of Sif Muna.
  5320 | D:6      | Found a staircase to the Ecumenical Temple.
  5566 | D:7      | Reached ***** piety under Trog
  6547 | D:8      | HP: 3/85 [gnoll sergeant/+0 trident (7)]
  6549 | D:8      | Slain by a gnoll

Illustrated notes

Levels and vault maps discovered:
D:1:      minmay_arrival_jagged, layout_basic,
          shapermc_ecumenical_altar_mp_urbaneastern
D:2:      layout_rooms, grunt_decor_junction, nicolae_underground_beach
D:3:      layout_rooms, uniq_crazy_yiuf_cottage, uniq_robin
D:4:      layout_cave_pools, gammafunk_temple_overflow_elements
D:5:      layout_gridville, mainiacjoe_overflow_six_doors_small, tgw_trog,
          nicolae_shop_overcharged_wands, uniq_ijyb
D:6:      layout_loops_ring, lemuel_round_altar, minmay_temple_entry_hall
D:7:      layout_loops_ring
D:8:      wad_river_or_something, layout_cave_pods, david_lair_generic,
          minmay_misc_feat_four_crosses

Skill      XL: |  1  2  3  4  5  6  7  8  9 |
---------------+----------------------------+-----
Dodging        | 2 3 4 5 |  5.3
Armour         | 3 4 5 6 7 |  7.6
Fighting       | 4 5 6 7 |  7.4
Maces & Flails | 4 5 6 7 |  7.3

Action                     |  1- 3 |  4- 6 |  7- 9 || total
---------------------------+-------+-------+-------++-------
  Melee: Mace              |   143 |   230 |   546 ||   919
         Punch             |     2 |     3 |    10 ||    15
 Invoke: Berserk           |       |     3 |     4 ||     7
    Use: Scroll            |       |     1 |       ||     1
 Armour: Animal skin       |    23 |       |       ||    23
         Leather armour    |    36 |   151 |     5 ||   192
         Robe              |       |       |   214 ||   214
  Dodge: Dodged            |   111 |   255 |   396 ||   762
